Map: Lerilak Crest

Players

LilDicky - Winner!

  • Race: Terran Terran
  • League: Diamond

Sever

  • Race: Terran Terran
  • League: Silver

VOD

http://www.twitch.tv/tumescentpie

Description

Time

  • Played on: Dec. 2, 2015, 9:14 a.m.
  • Length: 6:52
Show
View Real Time Build Order
Export as new Build Order

LilDicky Terran - Winner!

Build Orders: Reaper Expand, Hellion Banshee 

Get SALT Encoding   

  12  0:04  SCV  
  13  0:16  SCV  
  14  0:22  Supply Depot  
  14  0:28  SCV  
  15  0:44  SCV  
  15  0:48  Barracks  
  16  0:54  Refinery  
  16  0:59  SCV  
  17  1:12  SCV  
  18  1:24  SCV  
  19  1:39  Orbital Command  
  19  1:40  Reaper  
  19  1:44  Command Center  
  20  2:09  SCV  
  21  2:17  Factory  
  21  2:21  SCV  
  22  2:25  Refinery  
  21  2:40  Barracks Reactor, SCV  
  22  2:44  Supply Depot  
  22  2:52  SCV  
  22  2:58  Orbital Command  
  23  3:04  SCV  
  23  3:05  Starport  
  24  3:19  SCV  
  25  3:22  Hellion  
  25  3:23  Hellion  
  25  3:24  SCV  
  30  3:27  Barracks Tech Lab  
  30  3:29  Engineering Bay  
  30  3:31  SCV  
  31  3:44  Hellion  
  31  3:45  Hellion  
  35  3:51  Banshee  
  35  3:52  Cloaking Field  
  35  3:53  Supply Depot  
  38  3:58  SCV x2  
  40  4:07  Hellion x2  
  44  4:10  SCV, Missile Turret  
  44  4:11  SCV  
  44  4:15  Missile Turret  
  46  4:18  Refinery  
  46  4:24  SCV  
  46  4:28  Supply Depot, Hellion x2  
  51  4:39  Banshee  
  51  4:41  Barracks Tech Lab  
  54  4:48  Factory  
  54  4:50  SCV x2  
  54  4:51  Supply Depot  
  55  5:35  SCV  
  55  5:36  SCV  
  55  5:37  Banshee  
  55  5:41  Hellion x2  
  64  5:44  Command Center  
  64  5:48  SCV x2  
  66  6:12  Marine  
  66  6:17  Hellion x2  
Show
View Real Time Build Order
Export as new Build Order

Sever Terran 

Build Orders: Mech 

Get SALT Encoding   

  12  0:01  SCV  
  13  0:15  SCV  
  14  0:27  Supply Depot  
  14  0:28  SCV  
  15  0:37  Refinery  
  15  0:48  SCV  
  16  0:52  Barracks  
  16  1:00  SCV  
  17  1:13  SCV  
  18  1:25  SCV  
  19  1:37  SCV  
  20  1:41  Command Center  
  20  1:43  Barracks Reactor  
  20  1:49  SCV  
  21  1:56  Supply Depot  
  22  2:16  Orbital Command  
  21  2:23  Marine x2  
  22  2:33  Refinery  
  22  2:42  Bunker, Marine  
  23  2:45  Factory  
  23  2:47  SCV  
  24  3:00  Orbital Command  
  24  3:01  Marine  
  25  3:05  SCV  
  26  3:13  Marine  
  27  3:24  SCV  
  28  3:32  Starport, Orbital Command  
  28  3:44  Hellion x2  
  28  3:48  Armory  
  32  3:51  Engineering Bay  
  32  3:58  Barracks Reactor  
  32  4:03  Factory  
  32  4:06  Supply Depot, SCV x2  
  34  4:11  Hellion  
  36  4:18  Medivac  
  38  4:26  Missile Turret  
  38  4:28  Hellion  
  40  4:39  SCV x2  
  40  4:42  Terran Vehicle Weapons Level 1  
  42  4:50  Supply Depot  
  42  4:51  SCV  
  42  4:52  SCV  
  44  4:57  Factory Tech Lab  
  44  5:06  Barracks Tech Lab, Factory  
  34  5:25  Missile Turret  
  26  5:42  Viking x2  
  29  5:48  Siege Tank  
Tags
 
Add a new tag
Caveats
  • Supply blocks, unpowered buildings, or Contaminate may cause inaccurate times.
  • Supply counts are checked every 10 seconds.